 Dungeon Crawl Stone Soup version 0.31-a0-819-gf6de2f5ab6 (webtiles) character file.

Game seed: 11721380747430460301

9779 porpoise the Markskobold (level 11, -1/90 HPs)
             Began as a Kobold Hunter on Sept 25, 2023.
             Was an Elder of Hepliaklqana.
             Slain by a death yak (14 damage)
             ... on level 8 of the Dungeon.
             The game lasted 00:31:05 (12036 turns).

porpoise the Markskobold (Kobold Hunter)           Turns: 12036, Time: 00:31:06

Health: -1/90      AC: 14    Str: 13    XL:     11   Next: 80%
Magic:  14/14      EV: 19    Int: 11    God:    Hepliaklqana [****..]
Gold:   637        SH:  5    Dex: 23    Spells: 10/10 levels left

rFire   . . .        b - +4 rapier of Law {holy, rC- Will+++ Str+5}
rCold   . . .        (no shield)
rNeg    . . .        U - +0 troll leather armour
rPois   .            f - +1 helmet
rElec   .            w - +1 cloak
rCorr   .            R - +0 pair of gloves
SInv    .            V - +0 pair of boots
Will    +++..        h - amulet of reflection Stlth
                     o - +4 ring of protection
HPRegen 1.15/turn    J - ring of protection from cold
MPRegen 0.14/turn

%: reflection
@: berserking (expiring), very quick
A: reduced essence, small, no large weapons, nightstalker 3
a: Renounce Religion, Recall Ancestor, Ancestor Identity, Transference, Idealise


You were on level 8 of the Dungeon.
You worshipped Hepliaklqana.
Hepliaklqana was greatly pleased with you.
You visited 3 branches of the dungeon, and saw 13 of its levels.

You collected 807 gold pieces.
You spent 170 gold pieces at shops.

Inventory:

Hand Weapons
 a - a +0 orcbow
 b - the +4 rapier of Law (weapon) {holy, rC- Will+++ Str+5}
   (You found it on level 4 of the Dungeon)

   Str+5:     It affects your strength (+5).
   rC-:       It makes you vulnerable to cold.
   Will+++:   It greatly increases your willpower.
 u - a +3 dagger of electrocution
 D - a +0 shortbow
Missiles
 i - 31 poisoned darts
 q - 6 atropa-tipped darts
 x - 4 boomerangs
 S - 4 throwing nets
 Y - a curare-tipped dart
Armour
 f - a +1 helmet (worn)
 k - a +0 ring mail
 w - a +1 cloak (worn)
 R - a +0 pair of gloves (worn)
 U - a +0 troll leather armour (worn)
 V - a +0 pair of boots (worn)
Jewellery
 h - an amulet of reflection (around neck)
 j - an amulet of the acrobat
 o - a +4 ring of protection (left hand)
 t - a ring of flight
 H - a ring of see invisible
 J - a ring of protection from cold (right hand)
 K - a ring of positive energy
 O - a ring of protection from fire
 Q - an amulet of guardian spirit
Wands
 v - a wand of light (5)
 G - a wand of polymorph (16)
 P - a wand of charming (11)
Scrolls
 m - a scroll of amnesia
 p - 2 scrolls of teleportation
 r - 2 scrolls of butterflies
 s - 2 scrolls of blinking
 y - a scroll of poison
 B - a scroll of torment
 C - a scroll of immolation {unknown}
 E - a scroll of fog {unknown}
 I - a scroll of acquirement {unknown}
 L - a scroll of noise
 N - a scroll of revelation
 T - 3 scrolls of enchant armour
 X - a scroll of fear {unknown}
Potions
 c - 2 potions of enlightenment
 d - a potion of berserk rage
 e - 5 potions of curing
 g - 3 potions of lignification
 l - a potion of haste {unknown}
 n - a potion of heal wounds
 z - a potion of might
 A - 2 potions of magic {unknown}
 F - 2 potions of cancellation
 M - a potion of resistance {unknown}
 W - a potion of degeneration {unknown}


   Skills:
 + Level 7.4 Fighting
 * Level 15.5 Ranged Weapons
 - Level 5.0 Armour
 - Level 7.0 Dodging
 - Level 7.0 Stealth
 - Level 5.0 Invocations
 + Level 6.2 Evocations


You had 10 spell levels left.
You didn't know any spells.
Your spell library contained the following spells:

 Spells                   Type           Power      Damage    Failure   Level
 Slow                     Hex            0%         N/A       41%         1
 Blink                    Tloc           0%         N/A       54%         2
 Scorch                   Fire           0%         2d5       54%         2
 Sublimation of Blood     Necr           0%         N/A       54%         2
 Confusing Touch          Hex            0%         N/A       78%         3
 Sigil of Binding         Hex            0%         N/A       78%         3
 Tukima's Dance           Hex            0%         N/A       78%         3
 Vampiric Draining        Necr           0%         2d6       78%         3
 Flame Wave               Conj/Fire      0%         2d4       99%         4
 Manifold Assault         Tloc           0%         N/A       99%         4
 Passage of Golubria      Tloc           0%         N/A       99%         4
 Petrify                  Tmut/Erth      0%         N/A       99%         4
 Irradiate                Conj/Tmut      0%         3d11      100%        5
 Yara's Violent Unravell  Hex/Tmut       0%         3d3       100%        5
 Dispersal                Tloc           0%         N/A       100%        6
 Summon Cactus Giant      Summ           0%         N/A       100%        6
 Disjunction              Tloc           0%         N/A       100%        8
 Chain Lightning          Conj/Air       0%         N/A       100%        9
 Fire Storm               Conj/Fire      0%         5d1       100%        9
 Shatter                  Erth           0%         3d5*      100%        9


Dungeon Overview and Level Annotations

Branches:
Dungeon (11/15)            Temple (1/1) D:4            Lair (1/5) D:8
    Orc (0/2) D:10

Altars:
Ashenzari
Cheibriados
Dithmenos
Elyvilon
Fedhas
Gozag
Hepliaklqana
Kikubaaqudgha
Makhleb
Nemelex Xobeh
Okawaru
Qazlal
Ru
Sif Muna
Trog
Uskayaw
Vehumet
Wu Jian
Xom
Yredelemnul
Zin
The Shining One

Shops:
D:3 :   D:5 [*?   D:10 :   D:11 [


Innate Abilities, Weirdness & Mutations

Your life essence is reduced to manifest your ancestor. (-10% HP)
You are small and have problems with some larger weapons.
You are completely attuned to the shadows.


Message History

b - the +4 rapier of Law (weapon)
{holy, rC- Will+++ Str+5} The death yak barely misses you.
The death yak gores you!
A red film seems to cover your vision as you go berserk!
You feel yourself moving faster!
You feel mighty! The death yak gores you!! x2
You hit the death yak.
The death yak is almost dead.
The death yak gores you!!
* * * LOW HITPOINT WARNING * * *
You barely miss the death yak.
The death yak is almost dead.
The death yak misses you.
You puncture the death yak!
You kill the death yak!
The death yak barely misses you.
You hit the death yak.
The death yak is lightly wounded.
The death yak gores you.
* * * LOW HITPOINT WARNING * * *
You hit the death yak but do no damage.
The death yak is lightly wounded.
The death yak barely misses you.
You hit the death yak.
The death yak is lightly wounded.
You block the death yak's attack.
You impale the death yak!!
The death yak is moderately wounded.
You hit the death yak but do no damage.
The death yak is moderately wounded.
The death yak misses you.
You barely miss the death yak.
The death yak is moderately wounded.
The death yak gores you.
* * * LOW HITPOINT WARNING * * *
You hit the death yak.
The death yak is heavily wounded.
The death yak misses you.
You puncture the death yak!
The death yak is severely wounded.
The death yak gores you!
You die...

###### # # # # # #
#### # #@.########
# ##Y.......## #
#<........# #
#........## #
#........# #
##########.......#
##.......##....)..#
#....)............#
#.................#


You could see a death yak.

Vanquished Creatures
  Harold (D:9)
  2 two-headed ogres
  2 death yaks (D:8)
  Urug (D:10)
  A shadow (D:7)
  2 wraiths
  Menkaure (D:6)
  Edmund (D:6)
  A water moccasin (D:7)
  4 orc warriors
  An ice beast (D:6)
  3 centaurs
  2 black bears
  2 ogres (D:5)
  2 phantoms
  4 kobold brigands
  A bullfrog (D:7)
  2 gnoll sergeants
  5 scorpions
  A killer bee (D:10)
  3 howler monkeys
  4 jellies
  5 hounds
  Crazy Yiuf (D:4)
  An orc priest (D:11)
  5 iguanas
  2 sleepcaps
  6 orc wizards
  Robin (D:4)
  8 gnolls
  5 adders
  A white imp (D:8)
  An ufetubus (D:4)
  A dart slug (D:2)
  19 orcs
  3 bats
  2 bat zombies (D:5)
  13 endoplasms
  4 giant cockroaches
  10 goblins
  5 hobgoblins
  25 kobolds
  4 quokkas
  5 ball pythons
  A frilled lizard (D:3)
  3 rats
  A rat zombie (D:5)
178 creatures vanquished.

Vanquished Creatures (collateral kills)
  2 cyclopes (D:11)
  A gargoyle (D:11)
  A troll (D:10)
  Eustachio (D:6)
  3 steam dragons
  2 black bears
  An orc warrior (D:10)
  A kobold brigand (D:9)
  2 bullfrogs
  A gnoll sergeant (D:9)
  2 killer bees (D:10)
  An orc priest (D:11)
  An orc wizard (D:11)
  3 gnolls
  8 orcs
  4 kobolds
34 creatures vanquished.

Vanquished Creatures (others)
  4 knights
4 creatures vanquished.

Grand Total: 216 creatures vanquished

Notes
Turn   | Place    | Note
-------+----------+-------------------------------------------
     0 | D:1      | porpoise the Kobold Hunter began the quest for the Orb.
     0 | D:1      | Reached XP level 1. HP: 12/12 MP: 1/1
   122 | D:1      | Reached XP level 2. HP: 18/18 MP: 2/2
   272 | D:1      | Reached XP level 3. HP: 6/22 MP: 3/3
   714 | D:1      | Found a faded altar of an unknown god.
  1189 | D:2      | Reached skill level 6 in Ranged Weapons
  1799 | D:3      | Reached XP level 4. HP: 28/28 MP: 4/4
  1955 | D:3      | Noticed a walking earthen tome
  1957 | D:3      | Found Zono's Book Boutique.
  1959 | D:3      | Noticed a walking frostbound tome
  2757 | D:4      | Noticed Robin
  2761 | D:4      | Killed Robin
  2762 | D:4      | Reached XP level 5. HP: 32/33 MP: 5/5
  3068 | D:4      | Noticed a black bear
  3075 | D:4      | Killed a black bear
  3076 | D:4      | Reached skill level 7 in Ranged Weapons
  3076 | D:4      | Reached XP level 6. HP: 26/39 MP: 6/6
  3183 | D:4      | Identified the +4 rapier of Law {holy, rC- Will+++ Str+5}
  3410 | D:4      | Found a runed translucent door.
  3413 | D:4      | Noticed Crazy Yiuf
  3423 | D:4      | Killed Crazy Yiuf
  3548 | D:4      | Reached skill level 5 in Fighting
  3548 | D:4      | Reached XP level 7. HP: 43/44 MP: 7/7
  3730 | D:4      | Found a staircase to the Ecumenical Temple.
  3736 | Temple   | Entered the Ecumenical Temple
  3745 | Temple   | Became a worshipper of Hepliaklqana the Forgotten
  3888 | D:5      | Entered Level 5 of the Dungeon
  3927 | D:5      | Found an ancient bone altar of Kikubaaqudgha.
  3970 | D:5      | Reached skill level 8 in Ranged Weapons
  4035 | D:5      | Reached skill level 5 in Stealth
  4225 | D:5      | Reached XP level 8. HP: 51/51 MP: 8/8
  4253 | D:5      | Found Miafrixobb's General Store.
  4259 | D:5      | Bought a potion of curing for 30 gold pieces
  4259 | D:5      | Bought a scroll of identify for 20 gold pieces
  4259 | D:5      | Bought a potion of curing for 30 gold pieces
  4263 | D:5      | Found Daix Eti's Magic Scroll Shop.
  4268 | D:5      | Bought a scroll of blinking for 90 gold pieces
  4423 | D:5      | Found a stormy altar of Qazlal.
  4425 | D:5      | Found an opulent altar of Gozag.
  4453 | D:5      | Reached skill level 9 in Ranged Weapons
  4866 | D:5      | Found Uxicudid's Armour Emporium.
  5127 | D:6      | Reached skill level 1 in Armour
  5184 | D:6      | Reached skill level 10 in Ranged Weapons
  5310 | D:6      | Noticed Menkaure
  5318 | D:6      | Killed Menkaure
  5319 | D:6      | Reached XP level 9. HP: 21/57 MP: 9/9
  5463 | D:6      | Noticed Edmund
  5472 | D:6      | Killed Edmund
  5551 | D:6      | Reached * piety under Hepliaklqana
  5684 | D:6      | Reached skill level 1 in Invocations
  5712 | D:6      | Noticed Eustachio
  5718 | D:6      | Killed Eustachio
  6245 | D:7      | Reached skill level 11 in Ranged Weapons
  7024 | D:7      | Reached ** piety under Hepliaklqana
  7348 | D:8      | Reached XP level 10. HP: 26/56 MP: 12/12
  7507 | D:8      | Reached skill level 5 in Armour
  7640 | D:8      | Identified the +1 robe "Gyus Ruosonn" {Int+3}
  7689 | D:8      | Remembered your ancestor Nikki as a knight
  7773 | D:8      | Found a staircase to the Lair.
  7950 | D:9      | Noticed a two-headed ogre
  7959 | D:9      | Killed a two-headed ogre
  7960 | D:9      | Reached skill level 12 in Ranged Weapons
  7960 | D:9      | Reached skill level 5 in Invocations
  8090 | D:9      | Reached skill level 1 in Evocations
  8341 | D:9      | Found a transporter.
  8609 | D:9      | Found a glowing golden altar of the Shining One.
  8644 | D:9      | You fall into a shaft and drop 2 floors!
  8694 | D:10     | Entered Level 10 of the Dungeon
  8909 | D:10     | Found a staircase to the Orcish Mines.
  8940 | D:10     | Identified the +2 tower shield "Banex" {Rampage rN+ Will-}
  8962 | D:10     | Noticed Urug
  9244 | D:9      | Noticed Harold
  9263 | D:9      | Killed Harold
  9264 | D:9      | Reached skill level 13 in Ranged Weapons
  9264 | D:9      | Reached skill level 5 in Dodging
 10180 | D:10     | Found Kaithrodgh's Book Shoppe.
 10273 | D:10     | Reached *** piety under Hepliaklqana
 10405 | D:10     | Killed Urug
 10406 | D:10     | Reached XP level 11. HP: 38/60 MP: 14/14
 10525 | D:10     | Reached skill level 14 in Ranged Weapons
 11173 | D:11     | Found Diot's Antique Armour Boutique.
 11263 | D:11     | Noticed a cyclops
 11269 | D:11     | Killed a cyclops
 11270 | D:11     | Reached skill level 5 in Evocations
 11391 | D:11     | Noticed a two-headed ogre
 11398 | D:11     | Killed a two-headed ogre
 11399 | D:11     | Reached skill level 15 in Ranged Weapons
 11590 | D:11     | Noticed a cyclops
 11596 | D:11     | Killed a cyclops
 11597 | D:11     | Reached **** piety under Hepliaklqana
 11910 | Lair:1   | Entered Level 1 of the Lair of Beasts
 11925 | Lair:1   | Noticed a death yak
 11925 | Lair:1   | Noticed a death yak
 11928 | Lair:1   | Noticed a death yak
 11928 | Lair:1   | Noticed a death yak
 11930 | Lair:1   | Noticed a death yak
 11930 | Lair:1   | Noticed a death yak
 11976 | D:8      | Killed a death yak
 12021 | D:8      | HP: 2/60 [death yak (22)]
 12028 | D:8      | Killed a death yak
 12036 | D:8      | Slain by a death yak

Illustrated notes

Levels and vault maps discovered:
D:1:      ebering_trefoil_twist, layout_basic,
          dreamdust_ecumenical_altar_statues, st_stairs_2,
          minmay_misc_feat_alley, hangedman_decor_riveting
D:2:      cheibrodos_old_hovel, layout_loops_ring, dk_noncrumbling_3
D:3:      layout_loops_corners, serial_shops, nicolae_shop_mannequins
D:4:      minmay_wonky_spiral, layout_basic, minmay_temple_entry_ruins,
          hangedman_abyss_or_decor_lesser_grid, kennysheep_another_room,
          uniq_robin, uniq_crazy_yiuf_cottage
D:5:      layout_cave_pools, minitemple, lemuel_zombie_altar_kikubaaqudgha,
          serial_shops, nicolae_shop_stone, shop, shop
D:6:      layout_basic, uniq_menkaure, uniq_eustachio, uniq_edmund
D:7:      layout_loops_cross, wad_floor_pattern_1, serial_bayou_pond_c,
          hangedman_decor_points
D:8:      layout_gridville, lair_entry_dummy
D:9:      layout_roguey, tso_metal_star, nicolae_diode_basic, uniq_harold
D:10:     layout_stronghold, david_orc_2, kennysheep_small_square, uniq_urug
D:11:     layout_cave_pools, serial_shops, nicolae_shop_getting_attention
Temple:   nicolae_temple_no_exploring_needed
Lair:1:   layout_regular_city

Skill      XL: |  1  2  3  4  5  6  7  8  9 10 11 |
---------------+----------------------------------+-----
Stealth        | 2 3 4 5 6 7 |  7.0
Fighting       | 3 4 5 6 7 |  7.4
Ranged Weapons | 6 7 8 10 11 13 15 | 15.5
Armour         | 2 4 5 |  5.0
Invocations    | 3 5 |  5.0
Dodging        | 5 7 |  7.0
Evocations     | 4 6 |  6.2

Action                     |  1- 3 |  4- 6 |  7- 9 | 10-12 || total
---------------------------+-------+-------+-------+-------++-------
  Melee: Dagger            |       |    14 |       |       ||    14
         Rapier            |       |     8 |    87 |    35 ||   130
         Punch             |       |       |     1 |       ||     1
         Unarmed           |       |       |       |     1 ||     1
   Fire: Shortbow          |    70 |   100 |   100 |       ||   270
         Orcbow            |       |       |    58 |   270 ||   328
 Invoke: Ancestor Identity |       |       |     1 |       ||     1
         Recall Ancestor   |       |       |       |     2 ||     2
         Ancestor Life: Kn |       |       |       |     1 ||     1
  Evoke: Wand              |       |       |       |     4 ||     4
    Use: Scroll            |       |       |     6 |     7 ||    13
         Potion            |       |       |       |     4 ||     4
   Stab: Sleeping          |       |     1 |     1 |     2 ||     4
 Armour: Leather armour    |    11 |       |       |       ||    11
         Ring mail         |     1 |    43 |   124 |    59 ||   227
         Troll leather arm |       |       |       |    39 ||    39
  Dodge: Dodged            |    21 |    66 |   127 |    89 ||   303
  Block: Other             |     1 |    13 |    41 |    30 ||    85
         Reflection        |     1 |       |     1 |     3 ||     5

Table legend: (Time is in decaauts)
 A = Elapsed time spent in this place.
 B = Non-inter-level travel time spent in this place.
 C = Inter-level travel time spent in this place.
 D = Time resting spent in this place.
 E = Time spent auto-exploring this place.
 F = Levels seen in this place.
 G = Mean time per level.
                   A        B        C        D        E       F      G
               +--------+--------+--------+--------+--------+-----+--------+
         Total |  12085 |  11691 |    394 |   3200 |   6838 |  13 |  929.6 |
       Dungeon |  12022 |  11637 |    385 |   3200 |   6825 |  11 | 1092.9 |
        Temple |     17 |      9 |      8 |      0 |      0 |   1 |   17.0 |
          Lair |     45 |     45 |      0 |      0 |     13 |   1 |   45.0 |
               +--------+--------+--------+--------+--------+-----+--------+

Top non-repeatable levels by time:
     D:9: 1764 daAuts
    D:10: 1519 daAuts
     D:4: 1442 daAuts
     D:6: 1149 daAuts
     D:5: 1080 daAuts
     D:7: 1039 daAuts
     D:1: 997 daAuts
     D:3: 912 daAuts
    D:11: 726 daAuts
     D:2: 700 daAuts
     D:8: 689 daAuts
  Lair:1: 45 daAuts
  Temple: 17 daAuts
